 Dungeon Crawl Stone Soup version 0.24.1-14-gf8d2b509d9 (webtiles) character file.

Game seed: 5972259295598447766, levelgen mode: deterministic

3282 tkbsonic5 the Skirmisher (level 9, -23/67 HPs)
             Began as a Minotaur Skald on Dec 5, 2022.
             Was a Believer of Hepliaklqana.
             Annihilated by a komodo dragon (25 damage)
             ... on level 7 of the Dungeon.
             The game lasted 00:42:24 (6856 turns).

tkbsonic5 the Skirmisher (Minotaur Skald)           Turns: 6856, Time: 00:42:25

Health: -23/67     AC:  5    Str: 24    XL:     9   Next: 69%
Magic:  9/13       EV: 12    Int: 10    God:    Hepliaklqana [**....]
Gold:   14         SH:  0    Dex: 10    Spells: 3/15 levels left

rFire    . . .     SeeInvis .   h - +1 falchion "Uppuif" {flame, rC+}
rCold    + + .     Gourm    .   (no shield)
rNeg     . . .     Faith    .   m - +0 ring mail
rPois    .         Spirit   .   (helmet restricted)
rElec    .         Reflect  .   (no cloak)
rCorr    .         Harm     .   (no gloves)
MR       .....                  (no boots)
Stlth    ..........             c - amulet of the acrobat
HPRegen  0.21/turn              v - +2 ring of slaying
MPRegen  0.13/turn              y - ring of protection from cold

@: mighty, infused (expiring), flying
A: retaliatory headbutt, reduced essence, horns 2
a: Recall Ancestor, Ancestor Identity, Renounce Religion


You were on level 7 of the Dungeon.
You worshipped Hepliaklqana.
Hepliaklqana was pleased with you.
You were not hungry.

You visited 2 branches of the dungeon, and saw 9 of its levels.
You also visited: Sewer.

You collected 304 gold pieces.
You spent 290 gold pieces at shops.

Inventory:

Hand Weapons
 a - a +1 hand axe
 h - the +1 falchion "Uppuif" (weapon) {flame, rC+}
   (You took it off an orc wizard on level 7 of the Dungeon)

   It has been specially enchanted to burn those struck by it, causing extra
   injury to most foes and up to half again as much damage against particularly
   susceptible opponents.
   Big, fiery blades are also staple armaments of hydra-hunters.
   It protects you from cold.
 j - a +0 halberd of protection
 k - a +3 dagger of flaming
 s - a +0 mace
 x - a +1 antimagic dagger
Missiles
 o - 13 poisoned darts (quivered)
 w - 5 boomerangs
 C - a throwing net
Armour
 b - a +0 leather armour
 e - a +0 chain mail
 f - a -1 ring mail
 g - a +0 scale mail
 m - a +0 ring mail (worn)
 A - a +0 shield
 G - a +2 hat
Jewellery
 c - an amulet of the acrobat (around neck)
 v - a +2 ring of slaying (left hand)
 y - a ring of protection from cold (right hand)
Wands
 q - a wand of random effects (6)
 r - a wand of acid (7)
 u - a wand of digging (1)
 F - a wand of enslavement (3)
Scrolls
 i - a scroll of immolation
 n - 2 scrolls of remove curse
 t - 2 scrolls of teleportation
 B - a scroll of silence
 H - a scroll of fear
Potions
 p - 9 potions of curing
 D - a potion of lignification {unknown}
Comestibles
 d - 2 rations


   Skills:
 * Level 5.8 Fighting
 - Level 3.4(3.5) Short Blades
 * Level 0.5(2.4) Long Blades
 - Level 3.2(3.3) Axes
 - Level 0.4(2.0) Polearms
 - Level 2.4 Throwing
 + Level 3.9 Armour
 + Level 4.3 Dodging
 * Level 3.5 Spellcasting
 * Level 2.8 Hexes
 * Level 3.9 Charms
 * Level 2.6 Necromancy
 * Level 3.2 Translocations
 * Level 3.3 Invocations
 - Level 1.7 Evocations


You had 3 spell levels left.
You knew the following spells:

 Your Spells              Type           Power        Failure   Level  Hunger
a - Infusion              Chrm           #...         9%          1    #......
b - Song of Slaying       Chrm           #.......     12%         2    ###....
c - Corona                Hex            #......      13%         1    #......
d - Shroud of Golubria    Chrm/Tloc      #.....       14%         2    ###....
e - Regeneration          Chrm/Necr      #.........   30%         3    ###....
f - Confuse               Hex            #.......     36%         3    ###....

Your spell library contained the following spells:

 Spells                   Type           Power        Failure   Level  Hunger
 Spectral Weapon          Hex/Chrm       #.......     30%         3    ###....
 Ensorcelled Hibernation  Hex/Ice        #.....       34%         2    ###....
 Tukima's Dance           Hex            #.......     36%         3    ###....
 Dazzling Spray           Conj/Hex       #.....       56%         3    ###....


Dungeon Overview and Level Annotations

Branches:
Dungeon (8/15)             Temple (1/1) D:4           Sewer (visited)
   Lair: D:8-11

Altars:
Ashenzari
Cheibriados
Dithmenos
Elyvilon
Fedhas
Gozag
Hepliaklqana
Kikubaaqudgha
Makhleb
Nemelex Xobeh
Okawaru
Qazlal
Ru
Sif Muna
Trog
Uskayaw
Vehumet
Wu Jian
Xom
Yredelemnul
Zin
The Shining One

Shops:
D:6 (   D:7 *

Annotations:
D:5 1 runed translucent door, billz999's ghost, novice OpFE


Innate Abilities, Weirdness & Mutations

You reflexively headbutt those who attack you in melee.
You have a pair of horns on your head.
Your life essence is reduced to manifest your ancestor. (-10% HP)


Message History

* * * LOW HITPOINT WARNING * * *
You feel much better. The komodo dragon closely misses you.
You furiously retaliate!
You headbutt the komodo dragon!
You feel much better.
Your magical infusion is running out.
The komodo dragon bites you!!
Casting: Infusion (safe; 9% risk of failure)
Confirm with . or Enter, or press ? or * to list all spells.
Space distorts slightly along a thin shroud covering your body.
The komodo dragon bites you!!
* * * LOW HITPOINT WARNING * * *
Your shroud falls apart!
As you read the scroll of fear, it crumbles to dust.
You assume a fearsome visage.
The komodo dragon easily resists.
The komodo dragon bites you!
* * * LOW HITPOINT WARNING * * *
Okay, then.
You feel very buoyant.
You fly up into the air.
The komodo dragon bites you!!
You die...

#.....###...## ###
#.##.## ###)# #
####.##.# #.### #
#.#.##..# #...####
##......# ##.......
#.###..#####........
####.# ##..#.....######
#...###..........## ##
####..@...........####.
##l.................
#.###..............#
#.. #..........#... ##.
.............. ##
#.........#...
#........##...
....#...##... ..##..#
#.##


You could see a komodo dragon.

Vanquished Creatures
  A vampire mosquito (D:7)
  3 ice beasts
  3 orc warriors (D:7)
  2 ogres
  A phantom (D:6)
  2 black bears
  A big kobold (Sewer)
  A bullfrog (D:7)
  3 scorpions
  4 howler monkeys
  4 crimson imps
  A bullfrog zombie (D:7)
  An orc priest (D:6)
  3 centaur skeletons
  2 hounds
  9 orc wizards
  7 worker ants
  A killer bee zombie (D:7)
  4 gnolls
  5 river rats (Sewer)
  13 adders
  2 shadow imps (D:6)
  An adder skeleton (D:4)
  A worm (D:3)
  4 dart slugs
  4 leopard geckos
  26 orcs
  6 giant cockroaches
  4 goblins (D:1)
  9 hobgoblins
  14 jackals
  3 quokkas
  4 ball pythons
  10 bats
  3 frilled lizards
  17 kobolds
  22 rats
201 creatures vanquished.

Vanquished Creatures (collateral kills)
  2 ice beasts (D:7)
  2 big kobolds
  A bullfrog (D:7)
  A crimson imp (D:5)
  A hound (D:5)
  A jelly (D:5)
  A hound zombie (D:6)
  3 adders
  2 river rats (Sewer)
  2 orcs (D:5)
  2 ball pythons
  3 jackals
  5 kobolds
  6 rats (Sewer)
32 creatures vanquished.

Vanquished Creatures (others)
  A kobold (Sewer)
1 creature vanquished.

Grand Total: 234 creatures vanquished

Notes
Turn   | Place    | Note
-------+----------+-------------------------------------------
     0 | D:1      | tkbsonic5 the Minotaur Skald began the quest for the Orb.
     0 | D:1      | Reached XP level 1. HP: 18/18 MP: 1/1
    80 | D:1      | Reached XP level 2. HP: 19/25 MP: 1/3
   109 | D:1      | Learned a level 2 spell: Song of Slaying
   413 | D:1      | Reached XP level 3. HP: 26/30 MP: 4/4
   648 | D:1      | You fall into a shaft and drop 1 floor!
   725 | D:2      | Reached XP level 4. HP: 35/37 MP: 5/5
   776 | D:2      | Learned a level 1 spell: Corona
   779 | D:2      | Learned a level 2 spell: Shroud of Golubria
  1037 | D:2      | Found a basalt altar of Yredelemnul.
  1099 | D:3      | Reached skill level 1 in Throwing
  1371 | D:3      | Reached skill level 3 in Fighting
  1780 | D:4      | Reached XP level 5. HP: 28/45 MP: 3/7
  1838 | D:3      | Reached skill level 1 in Hexes
  1887 | D:3      | Reached XP level 6. HP: 30/51 MP: 5/8
  2160 | D:4      | Reached skill level 1 in Translocations
  2498 | D:3      | Learned a level 3 spell: Regeneration
  2636 | D:4      | Found a staircase to the Ecumenical Temple.
  2662 | D:4      | Reached XP level 7. HP: 32/58 MP: 5/9
  2687 | Temple   | Entered the Ecumenical Temple
  2779 | Temple   | Became a worshipper of Hepliaklqana the Forgotten
  2913 | D:4      | Reached skill level 4 in Fighting
  3637 | D:5      | Entered Level 5 of the Dungeon
  3746 | D:5      | Reached skill level 1 in Necromancy
  3776 | D:5      | Reached skill level 1 in Short Blades
  3776 | D:5      | Reached skill level 1 in Invocations
  3817 | D:5      | Reached * piety under Hepliaklqana
  3879 | D:5      | Found a runed translucent door.
  3908 | D:5      | Found a stormy altar of Qazlal.
  3908 | D:5      | Found a radiant altar of Vehumet.
  3908 | D:5      | Found a shimmering blue altar of Sif Muna.
  3958 | D:5      | Reached XP level 8. HP: 51/60 MP: 6/11
  4170 | D:5      | Noticed billz999's ghost (novice OpFE)
  4176 | D:5      | Learned a level 3 spell: Confuse
  4206 | D:6      | Found a blossoming altar of Fedhas.
  4453 | D:6      | Found Sefomn's Weapon Shop.
  4465 | D:6      | Reached skill level 1 in Evocations
  4611 | D:6      | Found a glowing drain.
  4615 | Sewer    | Entered a sewer
  5318 | D:7      | Reached skill level 5 in Fighting
  5528 | D:7      | Reached XP level 9. HP: 66/66 MP: 12/12
  5562 | D:7      | Noticed a seven-headed hydra
  5924 | D:8      | Reached ** piety under Hepliaklqana
  5925 | D:8      | Remembered your ancestor Stella as a knight
  5959 | D:8      | Noticed a komodo dragon
  6099 | D:7      | Identified the cursed +1 falchion "Uppuif" {flame, rC+}
  6760 | D:7      | Found Veg Kal's Assorted Antiques.
  6777 | D:7      | Bought a runed hat for 203 gold pieces
  6777 | D:7      | Bought 3 scrolls labeled NENLUVVECOD for 87 gold pieces
  6854 | D:7      | HP: 1/67 [komodo dragon (10)]
  6856 | D:7      | Annihilated by a komodo dragon

Levels and vault maps discovered:
D:1:      dpeg_arrival_yet_another_circle, layout_loops_ring,
          supply_closet_lemuel
D:2:      layout_rooms, lemuel_coloured_pillars_altar, minmay_split_cup_large
D:3:      layout_basic, first_ration, minivault_14
D:4:      layout_basic, minmay_temple_entry_slanted
D:5:      layout_cave_pools, chequers_temple_overflow_statue_of_worship,
          ebering_ghost_reflecting_pool
D:6:      layout_cave_pools, gup_sewer_entry_bowl, serial_shops, shop,
          fedhas_altar_1
D:7:      minmay_slanted_spiral_squares, layout_layer_cave, serial_shops, shop,
          uniq_menkaure
D:8:      layout_cave_pools
Temple:   regret_index_temple_mists

Skill      XL: |  1  2  3  4  5  6  7  8  9 |
---------------+----------------------------+-----
Armour         | 2 3 |  3.9
Axes           | 3 |  3.2
Throwing       | 1 2 |  2.4
Fighting       | 3 4 5 |  5.8
Spellcasting   | 2 3 |  3.5
Dodging        | 3 4 |  4.3
Hexes          | 1 2 |  2.8
Translocations | 1 2 3 |  3.2
Necromancy     | 1 2 |  2.6
Short Blades   | 1 2 3 |  3.4
Invocations    | 1 2 3 |  3.3
Charms         | 3 |  3.9
Evocations     | 1 |  1.7
Long Blades    | |  0.5
Polearms       | |  0.4

Action                   |  1- 3 |  4- 6 |  7- 9 || total
-------------------------+-------+-------+-------++-------
Melee: Hand axe          |    87 |    88 |       ||   175
       Headbutt          |     6 |    26 |    47 ||    79
       Dagger            |       |    44 |   297 ||   341
       Halberd           |       |    27 |       ||    27
       Falchion          |       |       |     5 ||     5
Throw: Dart              |       |       |    55 ||    55
 Cast: Infusion          |     4 |     8 |     4 ||    16
       Song of Slaying   |     3 |     7 |     4 ||    14
       Corona            |       |     4 |     4 ||     8
       Shroud of Golubri |       |       |    10 ||    10
       Regeneration      |       |       |     2 ||     2
Invok: Ancestor Identity |       |       |     1 ||     1
       Recall Ancestor   |       |       |     1 ||     1
       Ancestor Life: Kn |       |       |     1 ||     1
Evoke: Wand              |       |       |    28 ||    28
  Use: Scroll            |     3 |     3 |    21 ||    27
       Potion            |     2 |     7 |    16 ||    25
 Stab: Invisible         |       |     4 |       ||     4
       Paralysed         |       |       |    10 ||    10
       Distracted        |       |       |     1 ||     1
  Eat: Ration            |       |     4 |     4 ||     8
Armor: Leather armour    |     2 |     4 |       ||     6
       Ring mail         |    22 |    49 |    71 ||   142
Dodge: Dodged            |    55 |   110 |   188 ||   353
       Rpst.: Falchion   |       |       |     1 ||     1
